 Dungeon Crawl Stone Soup version 0.23-a0-726-g9fa1570 (webtiles) character file.

45 galech the Skirmisher (level 3, 13/29 HPs)
             Began as a Demonspawn Fighter on Jan 16, 2019.
             Quit the game on level 2 of the Dungeon.
             The game lasted 00:02:18 (701 turns).

galech the Skirmisher (Demonspawn Fighter)           Turns: 701, Time: 00:02:19

Health: 13/29      AC:  6    Str: 16    XL:     3   Next: 42%
Magic:  3/3        EV:  6    Int:  9    God:
Gold:   73         SH:  9    Dex: 13    Spells: 2/2 levels left

rFire    . . .     SeeInvis .   a - +0 war axe
rCold    . . .     Gourm    .   c - +0 shield
rNeg     . . .     Faith    .   b - +0 scale mail
rPois    .         Spirit   .   (helmet restricted)
rElec    .         Reflect  .   (no cloak)
rCorr    +         Harm     .   (no gloves)
MR       .....                  (no boots)
Stlth    ..........             (no amulet)
HPRegen  0.09/turn              m - ring of resist corrosion
MPRegen  0.08/turn              (no ring)

@: mildly poisoned (13 -> 10)
A: antennae 1, hooves 1
a: no special abilities


You were on level 2 of the Dungeon.
You were not hungry.

You visited 1 branch of the dungeon, and saw 2 of its levels.

You collected 73 gold pieces.

Inventory:

Hand Weapons
 a - a +0 war axe (weapon)
Armour
 b - a +0 scale mail (worn)
 c - a +0 shield (worn)
Jewellery
 m - a ring of resist corrosion (left hand)
Scrolls
 g - a scroll of magic mapping {unknown}
 h - a scroll of remove curse {unknown}
 i - 2 scrolls of identify {unknown}
 l - a scroll of immolation {unknown}
Potions
 d - 3 potions of might
 e - a potion of magic {unknown}
 j - a potion of degeneration {unknown}
 k - a potion of resistance {unknown}
Comestibles
 f - a ration
 n - 2 chunks of flesh


   Skills:
 + Level 3.5 Fighting
 + Level 2.0 Axes
 + Level 3.0 Armour
 + Level 3.2 Shields


You had 2 spell levels left.
You didn't know any spells.
Your spell library was empty.

Dungeon Overview and Level Annotations

Branches:
Dungeon (2/15)

Altars:


Innate Abilities, Weirdness & Mutations

You have a pair of small antennae on your head.
You have large cloven feet.


Message History

The worker ant zombie splashes around in the water.
The worker ant zombie bites you.
You hit the worker ant zombie. You kick the worker ant zombie.
The worker ant zombie is heavily damaged.
The worker ant zombie barely misses you.
You hit the worker ant zombie.
You kick the worker ant zombie, but do no damage.
The worker ant zombie is heavily damaged.
You feel sick.
The worker ant zombie splashes around in the water. x2
You hit the worker ant zombie but do no damage.
You kick the worker ant zombie.
The worker ant zombie is severely damaged.
The worker ant zombie bites you.
You are too injured to fight recklessly!
You are too injured to fight recklessly!
You are too injured to fight recklessly!
You are too injured to fight recklessly!
You are too injured to fight recklessly!
Are you sure you want to abandon this character and quit the game? (Confirm with "yes".)

##≈≈≈≈.# #.##. . ..
#≈≈≈≈≈.## #.##. #. #.
#≈≈≈≈≈..# #.... #.##.#
#≈≈≈≈...# ####. .....
##≈≈≈≈...# #÷ ....
#≈≈≈≈≈...# #.
#.###..##≈≈≈≈≈...######.
.......!.≈≈≈≈.........#.
#.....@)≈≈≈≈....†......
.....#..Z≈≈≈≈.[[...<..#.
#....88≈≈≈≈≈88...#.####.
#................#.# #.
.................#.# #.
..#..88≈≈≈≈≈88...#.# ##
....#..≈≈≈≈#.......# ##
...#.≈≈≈≈≈####.#### #..
.....≈≈≈≈≈# #.# ##.#


You could see a worker ant zombie.

Vanquished Creatures
  2 adders (D:2)
  An ooze (D:1)
  A worm (D:2)
  A dart slug (D:1)
  A hobgoblin (D:2)
  4 bats
  3 goblins
  6 kobolds
19 creatures vanquished.

Notes
Turn   | Place    | Note
-------+----------+-------------------------------------------
     0 | D:1      | galech the Demonspawn Fighter began the quest for the Orb.
     0 | D:1      | Reached XP level 1. HP: 18/18 MP: 1/1
   125 | D:1      | Gained mutation: You have large cloven feet. [demonic
                  | ancestry]
   125 | D:1      | Reached XP level 2. HP: 23/24 MP: 2/2
   695 | D:2      | Gained mutation: You have a pair of small antennae on your
                  | head. [demonic ancestry]
   695 | D:2      | Reached XP level 3. HP: 24/29 MP: 3/3
   701 | D:2      | Quit the game

Vault maps used:
D:1:      dpeg_arrival_fog, dk_noncrumbling_3
D:2:      wander_river

Skill      XL: |  1  2 |
---------------+-------+-----
Armour         | 3 |  3.0
Shields        | 3 |  3.2
Axes           | 2 |  2.0
Fighting       | |  3.5

Action                   || total
-------------------------++-------
Melee: War axe           ||    49
       Kick              ||    13
Armor: Scale mail        ||    24
Dodge: Dodged            ||    13
Block: Shield            ||    24

Table legend:
 A = Non-vault XP
 B = Vault XP
 C = Vault XP percentage of total XP
 D = Non-vault monster count
 E = Vault monster count
 F = Vault count percentage of total count
                 A         B        C        D         E       F
            +---------+---------+-------+---------+---------+-------
      Total |      65 |       0 |   0.0 |      19 |       0 |   0.0
            +---------+---------+-------+---------+---------+-------
        D:1 |      16 |       0 |   0.0 |       6 |       0 |   0.0
        D:2 |      49 |       0 |   0.0 |      13 |       0 |   0.0
            +---------+---------+-------+---------+---------+-------
